 Dungeon Crawl Stone Soup version 0.21.1-1-g345015fe64 (webtiles) character file.

111 Revguard the Skirmisher (level 4, -1/36 HPs)
             Began as a Demonspawn Abyssal Knight on June 4, 2018.
             Was a Believer of Lugonu.
             Killed by divine providence
             ... invoked by an orc priest
              (12 damage)
             ... on level 3 of the Dungeon.
             The game lasted 00:12:41 (2182 turns).

Revguard the Skirmisher (Demonspawn Abyssal Knight) Turns: 2182, Time: 00:12:42

Health: -1/36      AC:  9    Str: 12    XL:     4   Next: 62%
Magic:  6/6        EV: 11    Int: 13    God:    Lugonu [**....]
Gold:   120        SH:  0    Dex: 14    Spells: 6/6 levels left

rFire    . . .     SeeInvis .   a - +1 hand axe
rCold    + . .     Gourm    .   (no shield)
rNeg     . . .     Faith    .   b - +0 leather armour
rPois    .         Spirit   .   (no helmet)
rElec    .         Reflect  .   (no cloak)
rCorr    .         Harm     .   (no gloves)
MR       .....                  (no boots)
Stlth    +.........             (no amulet)
HPRegen  0.12/turn              i - ring of protection from cold
MPRegen  0.10/turn              (no ring)

@: sanguine armour
A: hooves 1, sanguine armour 1
a: Depart the Abyss, Bend Space, Renounce Religion


You were on level 3 of the Dungeon.
You worshipped Lugonu.
Lugonu was pleased with you.
You were not hungry.

You visited 1 branch of the dungeon, and saw 3 of its levels.
You visited the Abyss 1 time.

You collected 120 gold pieces.

Inventory:

Hand Weapons
 a - a +1 hand axe (weapon)
Armour
 b - a +0 leather armour (worn)
Jewellery
 i - a ring of protection from cold (left hand)
Scrolls
 e - 3 scrolls of identify {unknown}
 f - a scroll of teleportation {unknown}
 k - 2 scrolls of remove curse {unknown}
 m - a scroll of enchant weapon {unknown}
 n - a scroll of blinking {unknown}
 q - a scroll of enchant armour {unknown}
Potions
 d - 2 potions of berserk rage {unknown}
 g - a potion of haste {unknown}
 h - a potion of invisibility {unknown}
 j - 2 potions of curing {unknown}
 l - a potion of agility {unknown}
 o - a potion of degeneration {unknown}
 p - a potion of heal wounds {unknown}
Comestibles
 c - 3 rations


   Skills:
 + Level 3.6 Fighting
 + Level 2.8 Axes
 + Level 2.3 Armour
 + Level 1.2 Dodging
 * Level 1.5 Spellcasting
 + Level 2.8 Invocations


You had 6 spell levels left.
You didn't know any spells.

Dungeon Overview and Level Annotations

Branches:
Dungeon (3/15)

Altars:
Sif Muna


Innate Abilities, Weirdness & Mutations

You have large cloven feet.
When seriously injured, your bleeding wounds create armour. (AC +6)


Message History

The orc priest is moderately wounded.
The orc priest mumbles some strange prayers to Beogh against you.
Beogh smites you!
Your blood congeals into armour.
You barely miss the orc priest.
The orc priest is moderately wounded.
The orc priest hits you but does no damage.
You hit the orc priest. Your kick misses the orc priest.
The orc priest is heavily wounded.
The orc priest hits you with a flail!
* * * LOW HITPOINT WARNING * * *
You hit the orc priest. Your kick misses the orc priest.
The orc priest is heavily wounded.
The orc priest barely misses you.
The orc priest calls upon Beogh to heal the orc priest.
The orc priest is healed somewhat.
You closely miss the orc priest.
The orc priest is moderately wounded.
The orc priest mumbles some strange prayers to Beogh against you.
Beogh smites you!
You die...

#......#
#......#
#o.....# #
#......#
#.##o.....#
#...†....)#
####†######
#l#### #oo@.#
####.#
#######.#
#.......######
#.#####......#
#.......#
#.......#
#.....<.#
#.......#


You could see 2 orc priests and a leopard gecko.

Vanquished Creatures
  4 adders
  3 oozes
  A worm (D:2)
  A dart slug (D:2)
  2 leopard geckos
  3 giant cockroaches (D:2)
  4 goblins (D:2)
  8 hobgoblins
  6 jackals
  2 quokkas (D:2)
  A ball python (D:1)
  4 bats
  6 frilled lizards
  6 kobolds
  4 rats (D:2)
55 creatures vanquished.

Notes
Turn   | Place    | Note
-------+----------+-------------------------------------------
     0 | Abyss:1  | Revguard the Demonspawn Abyssal Knight began the quest for the Orb.
     0 | Abyss:1  | Reached XP level 1. HP: 18/18 MP: 2/2
    48 | Abyss:1  | Noticed a small abomination
    64 | D:1      | Escaped the Abyss
   218 | D:1      | Gained mutation: You have large cloven feet. [demonic ancestry]
   218 | D:1      | Reached XP level 2. HP: 8/24 MP: 4/4
   220 | D:1      | Reached skill level 1 in Dodging
   436 | D:1      | Reached * piety under Lugonu
   896 | D:2      | Reached XP level 3. HP: 27/29 MP: 5/5
   921 | D:2      | Reached skill level 1 in Spellcasting
  1419 | D:2      | Gained mutation: When seriously injured, your bleeding wounds create armour. (AC +6) [demonic ancestry]
  1419 | D:2      | Reached XP level 4. HP: 20/35 MP: 6/6
  1865 | D:2      | Found a deep blue altar of Sif Muna.
  1869 | D:2      | Reached ** piety under Lugonu
  2182 | D:3      | Killed from afar by an orc priest

Skill      XL: |  1  2  3 |
---------------+----------+-----
Armour         | 2 |  2.3
Dodging        | 1 |  1.2
Axes           | 2 |  2.8
Spellcasting   | 1 |  1.5
Fighting       | |  3.6
Invocations    | |  2.8

Action                   |  1- 3 |  4- 6 || total
-------------------------+-------+-------++-------
Melee: Hand axe          |   110 |    47 ||   157
       Kick              |    10 |     8 ||    18
Invok: Depart the Abyss  |     1 |       ||     1
  Eat: Ration            |     1 |     1 ||     2
Armor: Leather armour    |    34 |    14 ||    48
Dodge: Dodged            |    67 |    30 ||    97
